 Dungeon Crawl Stone Soup version 0.28.0-53-g5a82cb258f (webtiles) character file.

Game seed: 12002510518845337674

1301 safid the Cleaver (level 8, -2/66 HPs)
             Began as a Hill Orc Fighter on July 29, 2022.
             Was a Follower of Ru.
             Slain by an iguana (7 damage)
             ... on level 6 of the Dungeon.
             The game lasted 00:06:14 (4749 turns).

safid the Cleaver (Hill Orc Fighter)                Turns: 4749, Time: 00:06:14

Health: -2/66      AC: 12    Str: 21    XL:     8   Next: 57%
Magic:  0/8        EV:  9    Int:  8    God:    Ru [*.....]
Gold:   274        SH:  4    Dex: 10    Spells: 7/7 levels left

rFire   . . .      SeeInvis .   a - +0 war axe
rCold   . . .      Faith    .   c - +0 buckler
rNeg    . . .      Spirit   +   e - +0 plate armour
rPois   .          Reflect  .   (no helmet)
rElec   .          Harm     .   (no cloak)
rCorr   .          Rampage  .   B - +0 pair of gloves
Will    .....                   (no boots)
Stlth   ..........              D - amulet of guardian spirit
HPRegen 0.21/turn               f - +4 ring of evasion
MPRegen 0.11/turn               (no ring)

@: no status effects
A: no fire magic, no hexes magic, no summoning magic
a: Renounce Religion


You were on level 6 of the Dungeon.
You worshipped Ru.
Ru was aware of your devotion.
You visited 1 branch of the dungeon, and saw 6 of its levels.

You collected 274 gold pieces.

Inventory:

Hand Weapons
 a - a +0 war axe (weapon)
Missiles
 j - 5 curare-tipped darts (quivered)
 t - 12 poisoned darts
Armour
 c - a +0 buckler (worn)
 e - a +0 plate armour (worn)
 m - a +0 tower shield
 B - a +0 pair of gloves (worn)
Jewellery
 f - a +4 ring of evasion (left hand)
 C - a ring of ice
 D - an amulet of guardian spirit (around neck)
Wands
 r - a wand of polymorph (10)
 y - a wand of flame (8)
 F - a wand of acid (2)
Scrolls
 b - 4 scrolls of identify {unknown}
 g - 2 scrolls of immolation {unknown}
 l - a scroll of torment {unknown}
 o - a scroll of blinking {unknown}
 p - a scroll of magic mapping {unknown}
 q - a scroll of enchant armour {unknown}
 v - a scroll of teleportation {unknown}
 w - a scroll of fear {unknown}
 A - a scroll of vulnerability {unknown}
 G - a scroll of enchant weapon {unknown}
Potions
 d - a potion of heal wounds {unknown}
 h - 5 potions of curing {unknown}
 i - a potion of mutation {unknown}
 k - a potion of brilliance {unknown}
 n - 3 potions of flight {unknown}
 s - a potion of berserk rage {unknown}
 u - a potion of lignification {unknown}
 x - a potion of degeneration {unknown}
 z - 2 potions of magic {unknown}
 E - a potion of attraction {unknown}


   Skills:
 - Level 4.0 Fighting
 + Level 12.6 Axes
 - Level 4.0 Armour
 - Level 4.0 Shields


You had 7 spell levels left.
You didn't know any spells.
Your spell library was empty.

Dungeon Overview and Level Annotations

Branches:
Dungeon (6/15)
 Temple: D:4-7

Altars:
Ashenzari
Kikubaaqudgha
Ru
Trog

Annotations:
D:3 2 runed translucent doors, Alliumium's ghost, amateur MiFi


Innate Abilities, Weirdness & Mutations

You cannot study or cast Fire magic.
You cannot study or cast Hexes magic.
You cannot study or cast Summoning magic.


Message History

You barely miss Menkaure.
Menkaure is severely damaged.
Menkaure is stunned by your conviction and fails to attack.
Menkaure casts a spell at you. Pain shoots through your body!
Unknown command.
You slash Menkaure!
You destroy Menkaure!
You hit the white imp. The white imp closely misses you.
Unknown command.
You hit the white imp but do no damage.
The white imp is lightly wounded.
You slash the jelly!
Your hands burn!
The white imp misses you. The jelly hits you but does no damage.
Unknown command.
You slash the white imp!
The white imp is severely wounded.
You slash the iguana! You hit the jelly but do no damage.
Your hands burn!
The white imp hits you but does no damage.
The jelly hits you but does no damage. The iguana bites you.
Unknown command.
You hit the white imp but do no damage.
The white imp is severely wounded.
You hit the jelly.
Your hands burn!
You hit the iguana but do no damage. The white imp barely misses you.
The jelly hits you but does no damage. The iguana bites you!
* * * LOW HITPOINT WARNING * * *
Unknown command.
You barely miss the iguana.
The iguana is heavily wounded.
You hit the jelly but do no damage.
Your hands burn!
* * * LOW HITPOINT WARNING * * *
You closely miss the white imp.
The white imp hits you but does no damage.
The jelly hits you.
* * * LOW HITPOINT WARNING * * *
You are splashed with acid!
* * * LOW HITPOINT WARNING * * *
The iguana bites you!
You die...

##............##>.
...####.............####
.....<......#........#
............#..###......
......##..#............
.....##...###..........
#...................
##.......)..........
#.@.............#
#J5l............#
...(.>........#..#
#..(#..........#..
....##.......... .....
#......... ..###.
......... .. .. .......


You could see an iguana, a jelly and a white imp.

Vanquished Creatures
  Sigmund (D:5)
  Menkaure (D:6)
  Duvessa (D:5)
  2 sky beasts (D:5)
  2 necrophages
  An ogre (D:4)
  A kobold brigand (D:6)
  A scorpion (D:4)
  Dowan (D:5)
  An orc priest (D:5)
  A jelly (D:4)
  A centaur skeleton (D:5)
  2 iguanas (D:5)
  A howler monkey zombie (D:5)
  4 gnolls (D:2)
  3 adders
  An adder skeleton (D:4)
  3 dart slugs
  6 orcs
  4 ball pythons
  5 endoplasms
  7 giant cockroaches
  7 hobgoblins
  8 jackals
  A quokka (D:4)
  2 bats
  4 frilled lizards
  6 goblins
  15 kobolds
  4 rats
97 creatures vanquished.

Notes
Turn   | Place    | Note
-------+----------+-------------------------------------------
     0 | D:1      | safid the Hill Orc Fighter began the quest for the Orb.
     0 | D:1      | Reached XP level 1. HP: 19/19 MP: 1/1
   237 | D:1      | Reached skill level 3 in Axes
   237 | D:1      | Reached XP level 2. HP: 27/27 MP: 2/2
   401 | D:1      | Found a faded altar of an unknown god.
   469 | D:1      | Prayed at the altar of an unknown god.
   469 | D:1      | Became a worshipper of Ru the Awakened
   474 | D:1      | Gained mutation: You cannot study or cast Fire magic. [Ru
                  | sacrifice]
   474 | D:1      | Gained mutation: You cannot study or cast Hexes magic. [Ru
                  | sacrifice]
   474 | D:1      | Gained mutation: You cannot study or cast Summoning magic.
                  | [Ru sacrifice]
   474 | D:1      | Reached * piety under Ru
   598 | D:1      | Reached XP level 3. HP: 33/33 MP: 3/3
   931 | D:2      | Reached XP level 4. HP: 21/40 MP: 4/4
   934 | D:2      | Reached skill level 4 in Axes
  1211 | D:2      | Identified the +3 scale mail "Piciq" {*Slow rCorr Int+3
                  | Dex+4}
  1764 | D:3      | Found a runed translucent door.
  1776 | D:3      | Noticed a bullfrog
  1776 | D:3      | Noticed Alliumium's ghost (amateur MiFi)
  1810 | D:3      | Reached skill level 5 in Axes
  2062 | D:3      | Found a broken altar of Ashenzari.
  2070 | D:3      | Found a sacrificial altar of Ru.
  2078 | D:3      | Found an ancient bone altar of Kikubaaqudgha.
  2146 | D:3      | Found a runed translucent door.
  2157 | D:4      | Noticed a necrophage
  2159 | D:4      | Noticed a necrophage
  2161 | D:4      | Reached XP level 5. HP: 46/46 MP: 5/5
  2170 | D:3      | Killed a necrophage
  2171 | D:3      | Reached skill level 6 in Axes
  2220 | D:4      | Killed a necrophage
  2221 | D:4      | Reached skill level 7 in Axes
  2221 | D:4      | Reached XP level 6. HP: 52/52 MP: 6/6
  2475 | D:4      | Reached skill level 8 in Axes
  3103 | D:5      | Entered Level 5 of the Dungeon
  3103 | D:5      | Noticed Dowan
  3104 | D:5      | Noticed Duvessa
  3113 | D:5      | Killed Dowan
  3114 | D:5      | Reached XP level 7. HP: 36/59 MP: 7/7
  3116 | D:5      | Killed Duvessa
  3117 | D:5      | Reached skill level 9 in Axes
  3441 | D:5      | Reached skill level 10 in Axes
  3501 | D:5      | Identified the ring "Wezodim" {Ice Will- Int+3 Dex+6}
  4129 | D:5      | Reached skill level 11 in Axes
  4129 | D:5      | Reached XP level 8. HP: 17/66 MP: 4/8
  4367 | D:5      | Found a bloodstained altar of Trog.
  4416 | D:5      | Noticed Sigmund
  4428 | D:5      | Killed Sigmund
  4640 | D:6      | Reached skill level 12 in Axes
  4737 | D:6      | Noticed Menkaure
  4745 | D:6      | Killed Menkaure
  4749 | D:6      | Slain by an iguana

Illustrated notes

Levels and vault maps discovered:
D:1:      lemuel_arrival_broad_hall, layout_loops_ring,
          hellmonk_ecumenical_altar_run_dry
D:2:      layout_rooms, chequers_avenue, minmay_tetromino_l2
D:3:      layout_rooms, minitemple, ebering_ghost_sewer_f
D:4:      layout_layer_cave
D:5:      layout_cave_pools, lemuel_doored_altar, hex_tiny, uniq_sigmund,
          uniq_duvessa
D:6:      layout_cave_pools, overflow_temple_1_default, serial_shops,
          nicolae_lakefront_shop, uniq_menkaure

Skill      XL: |  1  2  3  4  5  6  7  8 |
---------------+-------------------------+-----
Axes           | 3 5 7 8 11 12 | 12.6
Fighting       | 4 |  4.0
Armour         | 4 |  4.0
Shields        | 4 |  4.0

Action                   |  1- 3 |  4- 6 |  7- 9 || total
-------------------------+-------+-------+-------++-------
Melee: War axe           |    62 |   126 |   104 ||   292
Invok: Sacrifice Arcana  |     1 |       |       ||     1
       Reject Sacrifices |       |       |     1 ||     1
  Use: Potion            |       |     1 |       ||     1
Armor: Plate armour      |    41 |    64 |    53 ||   158
       Scale mail        |     1 |       |       ||     1
Dodge: Dodged            |    21 |    51 |    33 ||   105
Block: Buckler           |    12 |    32 |    14 ||    58
